| TOP OF THE 1ST |
|
San Francisco Giants batting - Pitching for Houston Astros : LHP Craig Lefferts
|
|
Pitching: LHP Craig Lefferts
|
|
|
Batting: SHB Kevin Bass
|
0-0: Called Strike 0-1: Ball 1-1: Ball 2-1: Foul Ball, location: 2F 2-2: Foul Ball, location: 2F 2-2: SINGLE (Groundball, 6D, EV 108.8 MPH)
|
|
Batting: SHB Tyler O'Dell
|
0-0: Ball 1-0: Foul Ball, location: 2F 1-1: Ball 2-1: Ball 3-1: DOUBLE (Line Drive, 7LM, EV 108.8 MPH) Kevin Bass to third Runner from 3rd tries for Home, SAFE, throw by LF to home
|
|
Batting: LHB Keith Hernandez
|
0-0: SINGLE (Groundball, 56D, EV 109.4 MPH) Tyler O'Dell to third Runner from 3rd tries for Home, SAFE, throw by LF to home
|
|
Batting: RHB Phil Bailey
|
0-0: Fielders Choice at 2nd, 4-6 (Groundball, 4S, EV 88.1 MPH)
|
|
Batting: RHB Kevin Howard
|
0-0: Ball 1-0: Ball 2-0: SINGLE (Groundball, 4MS, EV 70.6 MPH) (infield hit) Phil Bailey to second
|
|
Batting: RHB Billy L Smith
|
0-0: Ball 1-0: Swinging Strike 1-1: Foul Ball, location: 2F 1-2: Ball 2-2: Grounds into double play, 6-4-3 (Groundball, 6, EV 89.4 MPH)
|
| Top of the 1st over - 2 runs, 4 hits, 0 errors, 1 left on base; San Francisco 2 - Houston 0 |
| BOTTOM OF THE 1ST |
|
Houston Astros batting - Pitching for San Francisco Giants : LHP Tim Costello
|
|
Pitching: LHP Tim Costello
|
|
|
Batting: RHB Julio Franco
|
0-0: Foul Ball, location: 2F 0-1: Ball 1-1: Fly out, F8 (Flyball, 8LS, EV 92.5 MPH)
|
|
Batting: RHB John Castino
|
0-0: Ground out 3-1 (Groundball, 34, EV 101.9 MPH)
|
|
Batting: RHB Zail Smith
|
0-0: Called Strike 0-1: Called Strike 0-2: Ball 1-2: Ball 2-2: Fly out, F7 (Flyball, 7LM, EV 104.4 MPH)
|
| Bottom of the 1st over - 0 runs, 0 hits, 0 errors, 0 left on base; San Francisco 2 - Houston 0 |
| TOP OF THE 2ND |
|
San Francisco Giants batting - Pitching for Houston Astros : LHP Craig Lefferts
|
|
Batting: LHB Doug Frobel
|
0-0: Called Strike 0-1: Foul Ball, location: 2F 0-2: Ball 1-2: Ground out 6-3 (Groundball, 6S, EV 81.9 MPH)
|
|
Batting: LHB James Durrman
|
0-0: Called Strike 0-1: Ball 1-1: Ball 2-1: Called Strike 2-2: Foul Ball, location: 2F 2-2: Ground out 6-3 (Groundball, 6, EV 83.8 MPH)
|
|
Batting: LHB Tim Costello
|
0-0: Ball 1-0: Ball 2-0: Called Strike 2-1: Foul Ball, location: 2F 2-2: Foul Ball, location: 2F 2-2: Strikes out swinging
|
| Top of the 2nd over - 0 runs, 0 hits, 0 errors, 0 left on base; San Francisco 2 - Houston 0 |
| BOTTOM OF THE 2ND |
|
Houston Astros batting - Pitching for San Francisco Giants : LHP Tim Costello
|
|
Batting: LHB Steve Kemp
|
0-0: SOLO HOME RUN (Flyball, 9D, EV 90.0 MPH), Distance : 375 ft
|
|
Batting: LHB Jose Cruz
|
0-0: Ball 1-0: Ball 2-0: SINGLE (Groundball, 34D, EV 104.4 MPH)
|
|
Batting: SHB Christopher Clark
|
0-0: Fly out, F8 (Flyball, 8LM, EV 88.8 MPH)
|
|
Batting: SHB Bill D Doran
|
0-0: Ball 1-0: Foul Ball, location: 2F 1-1: Foul Ball, location: 2F 1-2: Fielders Choice at 2nd, 5-4 (Groundball, 5, EV 103.1 MPH)
|
|
Batting: RHB Dave Valle
|
0-0: Ball 1-0: Ground out U3 (Groundball, 34, EV 87.5 MPH)
|
| Bottom of the 2nd over - 1 run, 2 hits, 0 errors, 1 left on base; San Francisco 2 - Houston 1 |
| TOP OF THE 3RD |
|
San Francisco Giants batting - Pitching for Houston Astros : LHP Craig Lefferts
|
|
Batting: SHB Kevin Bass
|
0-0: Ball 1-0: Ball 2-0: Ball 3-0: Called Strike 3-1: Called Strike 3-2: Ground out 6-3 (Groundball, 6, EV 105.0 MPH)
|
|
Batting: SHB Tyler O'Dell
|
0-0: DOUBLE (Line Drive, 5D, EV 98.8 MPH)
|
|
Batting: LHB Keith Hernandez
|
0-0: Foul Ball, location: 2F 0-1: Ball 1-1: Ball 2-1: SINGLE (Line Drive, 4MD, EV 100.6 MPH) Tyler O'Dell to third Runner from 3rd tries for Home, SAFE, throw by CF to home
|
|
Batting: RHB Phil Bailey
|
0-0: SINGLE (Line Drive, 9S, EV 100.6 MPH) Keith Hernandez to second Runner from 2nd tries for 3rd, SAFE, no throw by RF
|
|
Pinch Runner at 3rd Dickie Thon:
|
|
|
Batting: RHB Kevin Howard
|
0-0: Ball 1-0: SINGLE (Line Drive, 3L, EV 98.8 MPH) Dickie Thon scores Phil Bailey to second
|
|
Batting: RHB Billy L Smith
|
0-0: Ball 1-0: Swinging Strike 1-1: Called Strike 1-2: SINGLE (Groundball, 6MD, EV 104.4 MPH) Phil Bailey to third Kevin Howard to second Runner from 3rd tries for Home, SAFE, throw by CF to home
|
|
Batting: LHB Doug Frobel
|
0-0: Fielders Choice at 2nd, 3-6 (Groundball, 34S, EV 78.8 MPH) Kevin Howard to third
|
|
Batting: LHB James Durrman
|
0-0: Ball 1-0: Foul Ball, location: 2F 1-1: Ball 2-1: Ball 3-1: Foul Ball, location: 2F 3-2: Foul Ball, location: 2F 3-2: Foul Ball, location: 2F 3-2: Base on Balls Doug Frobel to second
|
|
Batting: LHB Tim Costello
|
0-0: Foul Ball, location: 2F 0-1: Foul Ball, location: 2F 0-2: Ball 1-2: SINGLE (Groundball, 6MD, EV 98.8 MPH) Kevin Howard scores Doug Frobel to third James Durrman to second Runner from 3rd tries for Home, SAFE, throw by CF to home
|
|
Pitching: LHP Richard Thompson
|
|
|
Batting: SHB Kevin Bass
|
0-0: Called Strike 0-1: Foul Ball, location: 2F 0-2: SINGLE (Line Drive, 4MD, EV 93.8 MPH) James Durrman to third Tim Costello to second Runner from 3rd tries for Home, SAFE, throw by CF to home
|
|
Batting: SHB Tyler O'Dell
|
0-0: Ball 1-0: SINGLE (Line Drive, 7S, EV 98.8 MPH) Tim Costello to third Kevin Bass to second Runner from 3rd tries for Home, SAFE, throw by LF to home
|
|
Batting: RHB Dickie Thon
|
0-0: Ball 1-0: SINGLE (Groundball, 34D, EV 76.9 MPH) (infield hit) Kevin Bass to third Tyler O'Dell to second
|
|
Batting: RHB Phil Bailey
|
0-0: Ball 1-0: Ball 2-0: Foul Ball, location: 2F 2-1: Called Strike 2-2: Ball 3-2: SINGLE (Groundball, 34S, EV 87.5 MPH) (infield hit) Kevin Bass scores Tyler O'Dell to third Dickie Thon to second
|
|
Batting: RHB Kevin Howard
|
0-0: Ball 1-0: Called Strike 1-1: Foul Ball, location: 2F 1-2: Ball 2-2: Foul Ball, location: 2F 2-2: Foul Ball, location: 2F 2-2: Fly out, F8 (Line Drive, 8LM, EV 105.6 MPH)
|
| Top of the 3rd over - 8 runs, 10 hits, 0 errors, 3 left on base; San Francisco 10 - Houston 1 |
| BOTTOM OF THE 3RD |
|
Houston Astros batting - Pitching for San Francisco Giants : LHP Tim Costello
|
|
Now at 1B: Don Slaught
|
|
|
Batting: SHB Richard Thompson
|
0-0: Swinging Strike 0-1: Ball 1-1: Swinging Strike 1-2: Ball 2-2: Strikes out swinging
|
|
Batting: RHB Julio Franco
|
0-0: Ball 1-0: Foul Ball, location: 2F 1-1: Ball 2-1: Called Strike 2-2: Strikes out swinging
|
|
Batting: RHB John Castino
|
0-0: Ground out 6-3 (Groundball, 6M, EV 81.3 MPH)
|
| Bottom of the 3rd over - 0 runs, 0 hits, 0 errors, 0 left on base; San Francisco 10 - Houston 1 |
| TOP OF THE 4TH |
|
San Francisco Giants batting - Pitching for Houston Astros : LHP Richard Thompson
|
|
Batting: RHB Billy L Smith
|
0-0: Ball 1-0: Ball 2-0: Ball 3-0: Called Strike 3-1: Ground out 6-3 (Groundball, 6, EV 104.4 MPH)
|
|
Batting: LHB Doug Frobel
|
0-0: Called Strike 0-1: Foul Ball, location: 2F 0-2: Ball 1-2: Ball 2-2: Ball 3-2: Foul Ball, location: 2F 3-2: Fly out, F8 (Line Drive, 8RD, EV 88.1 MPH)
|
|
Batting: LHB James Durrman
|
0-0: Called Strike 0-1: Ball 1-1: Ball 2-1: Foul Ball, location: 2F 2-2: Strikes out swinging
|
| Top of the 4th over - 0 runs, 0 hits, 0 errors, 0 left on base; San Francisco 10 - Houston 1 |
| BOTTOM OF THE 4TH |
|
Houston Astros batting - Pitching for San Francisco Giants : LHP Tim Costello
|
|
Batting: RHB Zail Smith
|
0-0: Foul Ball, location: 2F 0-1: Swinging Strike 0-2: Ball 1-2: Ball 2-2: Fly out, F8 (Flyball, 78XD, EV 107.5 MPH)
|
|
Batting: LHB Steve Kemp
|
0-0: Ground out U3 (Groundball, 34S, EV 88.1 MPH)
|
|
Batting: LHB Jose Cruz
|
0-0: Ball 1-0: Called Strike 1-1: Ball 2-1: Ball 3-1: Ground out 5-3 (Groundball, 5S, EV 71.9 MPH)
|
| Bottom of the 4th over - 0 runs, 0 hits, 0 errors, 0 left on base; San Francisco 10 - Houston 1 |
| TOP OF THE 5TH |
|
San Francisco Giants batting - Pitching for Houston Astros : LHP Richard Thompson
|
|
Batting: LHB Tim Costello
|
0-0: Ball 1-0: Called Strike 1-1: Swinging Strike 1-2: Ball 2-2: Ball 3-2: Strikes out swinging
|
|
Batting: SHB Kevin Bass
|
0-0: Called Strike 0-1: Ground out 6-3 (Groundball, 6, EV 85.6 MPH)
|
|
Batting: SHB Tyler O'Dell
|
0-0: Ball 1-0: Ball 2-0: Ball 3-0: Base on Balls
|
|
Batting: RHB Don Slaught
|
0-0: Called Strike 0-1: Ground out 5-3 (Groundball, 56S, EV 80.6 MPH)
|
| Top of the 5th over - 0 runs, 0 hits, 0 errors, 1 left on base; San Francisco 10 - Houston 1 |
| BOTTOM OF THE 5TH |
|
Houston Astros batting - Pitching for San Francisco Giants : LHP Tim Costello
|
|
Batting: SHB Christopher Clark
|
0-0: Ball 1-0: Fly out, F4 (Popup, 4M, EV 57.5 MPH)
|
|
Batting: SHB Bill D Doran
|
0-0: Called Strike 0-1: Ball 1-1: Foul Ball, location: 2F 1-2: Ground out U3 (Groundball, 34S, EV 80.6 MPH)
|
|
Batting: RHB Dave Valle
|
0-0: Ball 1-0: Called Strike 1-1: Reached on error, E5 (Groundball, 56, EV 106.3 MPH)
|
|
Batting: SHB Richard Thompson
|
0-0: SINGLE (Groundball, 6MD, EV 102.5 MPH) Dave Valle to second
|
|
Batting: RHB Julio Franco
|
0-0: Ball 1-0: Fielders Choice at 2nd, 5-4 (Groundball, 5L, EV 110.0 MPH)
|
| Bottom of the 5th over - 0 runs, 1 hit, 1 error, 2 left on base; San Francisco 10 - Houston 1 |
| TOP OF THE 6TH |
|
San Francisco Giants batting - Pitching for Houston Astros : LHP Richard Thompson
|
|
Pitching: RHP Ramon Molina
|
|
|
Batting: RHB Phil Bailey
|
0-0: Swinging Strike 0-1: Ball 1-1: Called Strike 1-2: Ball 2-2: Foul Ball, location: 2F 2-2: Foul Ball, location: 2F 2-2: Ball 3-2: Base on Balls
|
|
Batting: RHB Kevin Howard
|
0-0: Ball 1-0: Called Strike 1-1: Ball 2-1: Ball 3-1: Fly out, F8 (Flyball, 8RS, EV 78.8 MPH)
|
|
Batting: RHB Billy L Smith
|
0-0: Ball 1-0: Foul Ball, location: 2F 1-1: Ball 2-1: Called Strike 2-2: Foul Ball, location: 2F 2-2: Foul Ball, location: 2F 2-2: Strikes out swinging
|
|
Batting: LHB Doug Frobel
|
0-0: Called Strike 0-1: Ball 1-1: Swinging Strike 1-2: Foul Ball, location: 2F 1-2: Ball 2-2: Strikes out swinging
|
| Top of the 6th over - 0 runs, 0 hits, 0 errors, 1 left on base; San Francisco 10 - Houston 1 |
| BOTTOM OF THE 6TH |
|
Houston Astros batting - Pitching for San Francisco Giants : LHP Tim Costello
|
|
Batting: RHB John Castino
|
0-0: Ball 1-0: Ball 2-0: Fly out, F8 (Flyball, 8LM, EV 90.6 MPH)
|
|
Batting: RHB Zail Smith
|
0-0: Called Strike 0-1: Ball 1-1: Foul Ball, location: 2F 1-2: Foul Ball, location: 2F 1-2: Ball 2-2: Ball 3-2: Foul Ball, location: 2F 3-2: SOLO HOME RUN (Flyball, 7D, EV 99.4 MPH), Distance : 378 ft
|
|
Batting: LHB Steve Kemp
|
0-0: Ball 1-0: Called Strike 1-1: Ball 2-1: SINGLE (Line Drive, 9S, EV 107.5 MPH)
|
|
Batting: LHB Jose Cruz
|
0-0: Called Strike 0-1: Ball 1-1: Foul Ball, location: 2F 1-2: Ball 2-2: DOUBLE (Line Drive, 7LD, EV 107.5 MPH) Steve Kemp to third Runner from 3rd tries for Home, SAFE, throw by LF to trailing runner, OUT at third! 7-6-5
|
|
Batting: SHB Christopher Clark
|
0-0: Called Strike 0-1: Ball 1-1: Foul Ball, location: 2F 1-2: Foul Ball, location: 2F 1-2: Ball 2-2: Strikes out swinging
|
| Bottom of the 6th over - 2 runs, 3 hits, 0 errors, 0 left on base; San Francisco 10 - Houston 3 |
| TOP OF THE 7TH |
|
San Francisco Giants batting - Pitching for Houston Astros : RHP Ramon Molina
|
|
Batting: LHB James Durrman
|
0-0: Fly out, F8 (Line Drive, 8RD, EV 98.8 MPH)
|
|
Batting: LHB Tim Costello
|
0-0: Called Strike 0-1: Ball 1-1: Ball 2-1: Called Strike 2-2: Ball 3-2: Strikes out swinging
|
|
Batting: SHB Kevin Bass
|
0-0: Swinging Strike 0-1: Ball 1-1: Ball 2-1: Ball 3-1: Base on Balls
|
|
Batting: SHB Tyler O'Dell
|
0-0: Ball 1-0: Ground out 4-3 (Groundball, 34, EV 84.4 MPH)
|
| Top of the 7th over - 0 runs, 0 hits, 0 errors, 1 left on base; San Francisco 10 - Houston 3 |
| BOTTOM OF THE 7TH |
|
Houston Astros batting - Pitching for San Francisco Giants : LHP Tim Costello
|
|
Batting: SHB Bill D Doran
|
0-0: Called Strike 0-1: Ground out 1-3 (Groundball, 13S, EV 67.5 MPH)
|
|
Batting: RHB Dave Valle
|
0-0: Fly out, F8 (Flyball, 8RXD, EV 80.6 MPH)
|
|
Batting: SHB Ramon Molina
|
0-0: Ground out 6-3 (Groundball, 6, EV 105.6 MPH)
|
| Bottom of the 7th over - 0 runs, 0 hits, 0 errors, 0 left on base; San Francisco 10 - Houston 3 |
| TOP OF THE 8TH |
|
San Francisco Giants batting - Pitching for Houston Astros : RHP Ramon Molina
|
|
Batting: RHB Don Slaught
|
0-0: Ball 1-0: Called Strike 1-1: Ball 2-1: Foul Ball, location: 2F 2-2: Strikes out swinging
|
|
Batting: RHB Phil Bailey
|
0-0: Ball 1-0: Swinging Strike 1-1: Ground out 5-3 (Groundball, 56S, EV 82.5 MPH)
|
|
Batting: RHB Kevin Howard
|
0-0: Called Strike 0-1: Swinging Strike 0-2: Ball 1-2: Strikes out swinging
|
| Top of the 8th over - 0 runs, 0 hits, 0 errors, 0 left on base; San Francisco 10 - Houston 3 |
| BOTTOM OF THE 8TH |
|
Houston Astros batting - Pitching for San Francisco Giants : LHP Tim Costello
|
|
Batting: RHB Julio Franco
|
0-0: SINGLE (Groundball, 56S, EV 65.0 MPH) (infield hit)
|
|
Batting: RHB John Castino
|
0-0: Ball 1-0: Grounds into double play, 5-4-3 (Groundball, 5, EV 77.5 MPH)
|
|
Batting: RHB Zail Smith
|
0-0: Called Strike 0-1: Fly out, F9 (Flyball, 9D, EV 95.6 MPH)
|
| Bottom of the 8th over - 0 runs, 1 hit, 0 errors, 0 left on base; San Francisco 10 - Houston 3 |
| TOP OF THE 9TH |
|
San Francisco Giants batting - Pitching for Houston Astros : RHP Ramon Molina
|
|
Batting: RHB Billy L Smith
|
0-0: Ground out 1-3 (Groundball, 13S, EV 75.0 MPH)
|
|
Pitching: RHP Joe McIntosh
|
|
|
Batting: LHB Doug Frobel
|
0-0: Ball 1-0: Ball 2-0: Ball 3-0: Called Strike 3-1: Fly out, F5 (Flyball, 5D, EV 81.9 MPH)
|
|
Batting: LHB James Durrman
|
0-0: Swinging Strike 0-1: Called Strike 0-2: Strikes out looking
|
| Top of the 9th over - 0 runs, 0 hits, 0 errors, 0 left on base; San Francisco 10 - Houston 3 |
| BOTTOM OF THE 9TH |
|
Houston Astros batting - Pitching for San Francisco Giants : LHP Tim Costello
|
|
Batting: LHB Steve Kemp
|
0-0: Ball 1-0: Called Strike 1-1: Ground out U3 (Groundball, 3L, EV 108.8 MPH)
|
|
Batting: LHB Jose Cruz
|
0-0: Swinging Strike 0-1: Called Strike 0-2: Strikes out swinging
|
|
Batting: SHB Christopher Clark
|
0-0: Ball 1-0: Foul Ball, location: 2F 1-1: Ball 2-1: SINGLE (Line Drive, 78S, EV 105.6 MPH)
|
|
Batting: SHB Bill D Doran
|
0-0: Ball 1-0: Ground out 4-3 (Groundball, 4, EV 80.0 MPH)
|
| Bottom of the 9th over - 0 runs, 1 hit, 0 errors, 1 left on base; San Francisco 10 - Houston 3 |
|